SL
ATHLETIC CLUB KC @ LAS VEGAS FLAMINGOS
07/28/2019
 
TOP OF THE 1ST
Athletic Club KC Athletics batting - Pitching for Las Vegas Flamingos : RHP Rich Hunter
Pitching: RHP Rich Hunter
Batting: SHB David Henderson 0-0: Ball
1-0: Called Strike
1-1: Foul Ball, location: 2F
1-2: Ball
2-2: Ground out 6-3 (Groundball, 6)
Batting: RHB Jorge Trevino 0-0: Ball
1-0: Ball
2-0: Ball
3-0: Base on Balls
Batting: LHB Chris Rice 0-0: Ball
1-0: Ball
2-0: Ball
3-0: SINGLE (Groundball, 25) (infield hit)
Jorge Trevino to second
Batting: RHB Ramón Souza 0-0: 3-RUN HOME RUN (Line Drive, 7D), Distance : 387 ft
Batting: RHB Cory Staton 0-0: Ball
1-0: Ball
2-0: Ball
3-0: Called Strike
3-1: Foul Ball, location: 2F
3-2: Strikes out looking
Batting: LHB Bob Davis 0-0: Ground out 6-3 (Groundball, 6)
Top of the 1st over - 3 run(s), 2 hit(s), 0 error(s), 0 left on base; Athletic Club KC 3 - Las Vegas 0
BOTTOM OF THE 1ST
Las Vegas Flamingos batting - Pitching for Athletic Club KC Athletics : RHP Michael Battle
Pitching: RHP Michael Battle
Batting: RHB Bill Taylor 0-0: Fly out, F7 (Flyball, 7M)
Batting: RHB David Gómez 0-0: Swinging Strike
0-1: Ball
1-1: Foul Ball, location: 2F
1-2: Foul Ball, location: 2F
1-2: Ball
2-2: Ball
3-2: Strikes out looking
Batting: LHB José Meléndez 0-0: Ball
1-0: Fly out, F7 (Line Drive, 7LM)
Bottom of the 1st over - 0 run(s), 0 hit(s), 0 error(s), 0 left on base; Athletic Club KC 3 - Las Vegas 0
TOP OF THE 2ND
Athletic Club KC Athletics batting - Pitching for Las Vegas Flamingos : RHP Rich Hunter
Batting: LHB Emílio Sáenz 0-0: Ball
1-0: Swinging Strike
1-1: Ball
2-1: Ball
3-1: Foul Ball, location: 2F
3-2: Strikes out swinging
Batting: LHB Lawrence Washington 0-0: Ball
1-0: Foul Ball, location: 2F
1-1: Ball
2-1: Fly out, F7 (Flyball, 7LD)
Batting: RHB Michael Battle 0-0: Ball
1-0: Swinging Strike
1-1: Swinging Strike
1-2: Foul Ball, location: 2F
1-2: Ball
2-2: Ball
3-2: SINGLE (Groundball, 6MD)
Batting: SHB David Henderson 0-0: Foul Ball, location: 2F
0-1: Ball
1-1: SINGLE (Groundball, 13) (infield hit)
Michael Battle to second
Batting: RHB Jorge Trevino 0-0: Ball
1-0: Foul Ball, location: 2F
1-1: Ball
2-1: Swinging Strike
2-2: Foul Ball, location: 2F
2-2: Strikes out swinging
Top of the 2nd over - 0 run(s), 2 hit(s), 0 error(s), 2 left on base; Athletic Club KC 3 - Las Vegas 0
BOTTOM OF THE 2ND
Las Vegas Flamingos batting - Pitching for Athletic Club KC Athletics : RHP Michael Battle
Batting: RHB Terry Sylvester 0-0: Called Strike
0-1: Called Strike
0-2: Ball
1-2: Strikes out swinging
Batting: RHB Jeff Young 0-0: Called Strike
0-1: Ball
1-1: Foul Ball, location: 2F
1-2: Ball
2-2: Foul Ball, location: 2F
2-2: Foul Ball, location: 2F
2-2: Ground out 5-3 (Groundball, 5)
Batting: RHB Steven Talley 0-0: Called Strike
0-1: Foul Ball, location: 2F
0-2: Ball
1-2: Ball
2-2: Ball
3-2: SINGLE (Line Drive, 34D)
Batting: RHB Matt Sheppard 0-0: Ball
1-0: Ball
2-0: Called Strike
2-1: Ground out 4-3 (Groundball, 4)
Bottom of the 2nd over - 0 run(s), 1 hit(s), 0 error(s), 1 left on base; Athletic Club KC 3 - Las Vegas 0
TOP OF THE 3RD
Athletic Club KC Athletics batting - Pitching for Las Vegas Flamingos : RHP Rich Hunter
Batting: LHB Chris Rice 0-0: Called Strike
0-1: Ball
1-1: Foul Ball, location: 2F
1-2: Ball
2-2: Fly out, F9 (Flyball, 89D)
Batting: RHB Ramón Souza 0-0: Called Strike
0-1: DOUBLE (Line Drive, 89S)
Batting: RHB Cory Staton 0-0: Called Strike
0-1: Ball
1-1: Foul Ball, location: 2F
1-2: Ground out 6-3 (Groundball, 6)
Batting: LHB Bob Davis 0-0: Called Strike
0-1: Ground out 4-3 (Groundball, 4)
Top of the 3rd over - 0 run(s), 1 hit(s), 0 error(s), 1 left on base; Athletic Club KC 3 - Las Vegas 0
BOTTOM OF THE 3RD
Las Vegas Flamingos batting - Pitching for Athletic Club KC Athletics : RHP Michael Battle
Batting: RHB Carlos Rodríguez 0-0: Ball
1-0: Ground out 6-3 (Groundball, 6)
Batting: RHB Rich Hunter 0-0: Ball
1-0: Foul Ball, location: 2F
1-1: Ball
2-1: Reached on error, E6 (Groundball, 6M)
Batting: RHB Bill Taylor 0-0: Called Strike
0-1: Ball
1-1: Ball
2-1: Foul Ball, location: 2F
2-2: Strikes out swinging
Batting: RHB David Gómez 0-0: Ball
1-0: SINGLE (Line Drive, 34D)
Rich Hunter to second
Batting: LHB José Meléndez 0-0: Called Strike
0-1: Foul Ball, location: 2F
0-2: Ball
1-2: Ball
2-2: Ball
3-2: Base on Balls
Rich Hunter to third
David Gómez to second
Batting: RHB Terry Sylvester 0-0: Ball
1-0: Foul Ball, location: 2F
1-1: Foul Ball, location: 2F
1-2: Fly out, F7 (Flyball, 7LS)
Bottom of the 3rd over - 0 run(s), 1 hit(s), 1 error(s), 3 left on base; Athletic Club KC 3 - Las Vegas 0
TOP OF THE 4TH
Athletic Club KC Athletics batting - Pitching for Las Vegas Flamingos : RHP Rich Hunter
Batting: LHB Emílio Sáenz 0-0: SINGLE (Groundball, 6)
Batting: LHB Lawrence Washington 0-0: Ball
1-0: Called Strike
1-1: Ball
2-1: Called Strike
2-2: Grounds into double play, 4-6-3 (Groundball, 4)
Batting: RHB Michael Battle 0-0: Ball
1-0: Swinging Strike
1-1: Called Strike
1-2: Ball
2-2: Strikes out looking
Top of the 4th over - 0 run(s), 1 hit(s), 0 error(s), 0 left on base; Athletic Club KC 3 - Las Vegas 0
BOTTOM OF THE 4TH
Las Vegas Flamingos batting - Pitching for Athletic Club KC Athletics : RHP Michael Battle
Batting: RHB Jeff Young 0-0: Swinging Strike
0-1: SINGLE (Groundball, 6MD)
Batting: RHB Steven Talley 0-0: Ball
1-0: Ball
2-0: Swinging Strike
2-1: Ball
3-1: Fly out, F6 (Line Drive, 6)
Batting: RHB Matt Sheppard 0-0: Foul Ball, location: 2F
0-1: Ball
1-1: Fly out, F3 (Popup, 34)
Batting: RHB Carlos Rodríguez 0-0: Ball
1-0: Called Strike
1-1: Foul Ball, location: 2F
1-2: Ball
2-2: Strikes out swinging
Bottom of the 4th over - 0 run(s), 1 hit(s), 0 error(s), 1 left on base; Athletic Club KC 3 - Las Vegas 0
TOP OF THE 5TH
Athletic Club KC Athletics batting - Pitching for Las Vegas Flamingos : RHP Rich Hunter
Batting: SHB David Henderson 0-0: Ground out 4-3 (Groundball, 4)
Batting: RHB Jorge Trevino 0-0: DOUBLE (Groundball, 5L)
Batting: LHB Chris Rice 0-0: Called Strike
0-1: Ball
1-1: Foul Ball, location: 2F
1-2: Ball
2-2: Ground out U3 (Groundball, 3S)
Jorge Trevino to third
Batting: RHB Ramón Souza 0-0: Ball
1-0: Swinging Strike
1-1: Fly out, F8 (Line Drive, 8RM)
Top of the 5th over - 0 run(s), 1 hit(s), 0 error(s), 1 left on base; Athletic Club KC 3 - Las Vegas 0
BOTTOM OF THE 5TH
Las Vegas Flamingos batting - Pitching for Athletic Club KC Athletics : RHP Michael Battle
Batting: RHB Rich Hunter 0-0: Ball
1-0: Ball
2-0: Foul Ball, location: 2F
2-1: Called Strike
2-2: SINGLE (Groundball, 6MD)
Batting: RHB Bill Taylor 0-0: Foul Ball, location: 2F
0-1: Ball
1-1: Ball
2-1: Fly out, F2 (Popup, 2L)
Batting: RHB David Gómez 0-0: Called Strike
0-1: Foul Ball, location: 2F
0-2: Foul Ball, location: 2F
0-2: Fielders Choice at 2nd, 6-4 (Groundball, 6M)
Batting: LHB José Meléndez 0-0: Ball
David Gómez is caught stealing 2nd base
Bottom of the 5th over - 0 run(s), 1 hit(s), 0 error(s), 0 left on base; Athletic Club KC 3 - Las Vegas 0
TOP OF THE 6TH
Athletic Club KC Athletics batting - Pitching for Las Vegas Flamingos : RHP Rich Hunter
Batting: RHB Cory Staton 0-0: Ball
1-0: Fly out, F6 (Popup, 56D)
Batting: LHB Bob Davis 0-0: Called Strike
0-1: Ball
1-1: Ball
2-1: Called Strike
2-2: Foul Ball, location: 2F
2-2: Fly out, F8 (Line Drive, 8RD)
Batting: LHB Emílio Sáenz 0-0: Foul Ball, location: 2F
0-1: Ball
1-1: Foul Ball, location: 2F
1-2: Ball
2-2: Foul Ball, location: 2F
2-2: Strikes out swinging
Top of the 6th over - 0 run(s), 0 hit(s), 0 error(s), 0 left on base; Athletic Club KC 3 - Las Vegas 0
BOTTOM OF THE 6TH
Las Vegas Flamingos batting - Pitching for Athletic Club KC Athletics : RHP Michael Battle
Batting: LHB José Meléndez 0-0: Swinging Strike
0-1: Ball
1-1: Called Strike
1-2: Strikes out swinging
Batting: RHB Terry Sylvester 0-0: Ball
1-0: SINGLE (Groundball, 4MD) (infield hit)
Batting: RHB Jeff Young 0-0: Called Strike
0-1: Foul Ball, location: 2F
0-2: Ball
1-2: Strikes out swinging
Batting: RHB Steven Talley 0-0: Called Strike
Terry Sylvester steals 2nd base
0-1: Ball
1-1: Ball
2-1: Called Strike
2-2: SINGLE (Flyball, 89S)
Terry Sylvester to third
Runner from 3rd tries for Home, SAFE, no throw or cutoff
Pitching: RHP Byron Rogers
Now at C: Juan Benítez
Batting: RHB Matt Sheppard 0-0: Called Strike
Steven Talley is caught stealing 2nd base
Bottom of the 6th over - 1 run(s), 2 hit(s), 0 error(s), 0 left on base; Athletic Club KC 3 - Las Vegas 1
TOP OF THE 7TH
Athletic Club KC Athletics batting - Pitching for Las Vegas Flamingos : RHP Rich Hunter
Batting: LHB Lawrence Washington 0-0: Ball
1-0: Reached on error, E6 (Groundball, 6M)
Pitching: RHP Erik Davis
Now in LF: Bill Childers
Batting: RHB Juan Benítez 0-0: Called Strike
0-1: Foul Ball, location: 2F
0-2: Ground out 6-3 (Groundball, 6)
Batting: SHB David Henderson 0-0: Intentional Walk
Pinch Hitting: LHB Tony Reynolds 0-0: Called Strike
0-1: Called Strike
0-2: Ball
1-2: Ball
2-2: Ball
3-2: Foul Ball, location: 2F
3-2: Foul Ball, location: 2F
3-2: Foul Ball, location: 2F
3-2: Grounds into double play, U6-3 (Groundball, 6M)
Top of the 7th over - 0 run(s), 0 hit(s), 1 error(s), 1 left on base; Athletic Club KC 3 - Las Vegas 1
BOTTOM OF THE 7TH
Las Vegas Flamingos batting - Pitching for Athletic Club KC Athletics : RHP Byron Rogers
Now at SS: Karl Stevens
Batting: RHB Matt Sheppard 0-0: Swinging Strike
0-1: Ball
1-1: Foul Ball, location: 2F
1-2: Ball
2-2: SINGLE (Line Drive, 9S)
Batting: RHB Carlos Rodríguez 0-0: Ball
1-0: Called Strike
1-1: Foul Ball, location: 2F
1-2: Ball
2-2: Strikes out looking
Batting: RHB Bill Childers 0-0: Called Strike
0-1: Fielders Choice at 2nd, 5-4 (Groundball, 5)
Batting: RHB Bill Taylor 0-0: Ball
1-0: Ball
2-0: Fielders Choice at 2nd, 5-4 (Groundball, 5)
Bottom of the 7th over - 0 run(s), 1 hit(s), 0 error(s), 0 left on base; Athletic Club KC 3 - Las Vegas 1
TOP OF THE 8TH
Athletic Club KC Athletics batting - Pitching for Las Vegas Flamingos : RHP Erik Davis
Batting: LHB Chris Rice 0-0: Ball
1-0: Called Strike
1-1: Ball
2-1: Swinging Strike
2-2: Ball
3-2: Strikes out swinging
Batting: RHB Ramón Souza 0-0: Ground out 5-3 (Groundball, 5L)
Batting: RHB Cory Staton 0-0: Ball
1-0: Called Strike
1-1: Foul Ball, location: 2F
1-2: Ground out 5-3 (Groundball, 56)
Top of the 8th over - 0 run(s), 0 hit(s), 0 error(s), 0 left on base; Athletic Club KC 3 - Las Vegas 1
BOTTOM OF THE 8TH
Las Vegas Flamingos batting - Pitching for Athletic Club KC Athletics : RHP Byron Rogers
Pinch Hitting: RHB Floyd Mitchell 0-0: Foul Ball, location: 2F
0-1: Foul Ball, location: 2F
0-2: Ball
1-2: Strikes out swinging
Batting: LHB José Meléndez 0-0: SINGLE (Groundball, 6MD)
Batting: RHB Terry Sylvester 0-0: Called Strike
0-1: Ball
1-1: Ball
2-1: Foul Ball, location: 2F
2-2: Foul Ball, location: 2F
2-2: Strikes out swinging
Batting: RHB Jeff Young 0-0: Called Strike
0-1: Foul Ball, location: 2F
0-2: Foul Ball, location: 2F
0-2: Foul Ball, location: 2F
0-2: Strikes out swinging
Bottom of the 8th over - 0 run(s), 1 hit(s), 0 error(s), 1 left on base; Athletic Club KC 3 - Las Vegas 1
TOP OF THE 9TH
Athletic Club KC Athletics batting - Pitching for Las Vegas Flamingos : RHP Erik Davis
Pitching: RHP Augusto Dávila
Pinch Hitting: RHB Rick Atkinson 0-0: Foul Ball, location: 2F
0-1: Ball
1-1: Called Strike
1-2: Ball
2-2: Ball
3-2: Foul Ball, location: 2F
3-2: Base on Balls
Batting: LHB Emílio Sáenz 0-0: Ball
1-0: Called Strike
1-1: Foul Ball, location: 2F
1-2: Foul Ball, location: 2F
1-2: Ball
2-2: Ball
3-2: DOUBLE (Line Drive, 9LS)
Rick Atkinson to third
Batting: LHB Lawrence Washington 0-0: Foul Ball, location: 2F
0-1: Foul Ball, location: 2F
0-2: Foul Ball, location: 2F
0-2: Ball
1-2: Strikes out swinging
Batting: RHB Juan Benítez 0-0: Ball
1-0: Foul Ball, location: 2F
1-1: SINGLE (Groundball, 56D)
Rick Atkinson scores
Emílio Sáenz to third
Runner from 3rd tries for Home, SAFE, throw made home
Batting: SHB David Henderson 0-0: Ball
1-0: Called Strike
1-1: Foul Ball, location: 2F
1-2: Ball
2-2: SINGLE (Line Drive, 5D)
Juan Benítez to second
Batting: RHB Karl Stevens 0-0: Ball
Wild Pitch!
Juan Benítez to third
David Henderson to second
1-0: Called Strike
1-1: Ball
2-1: Ground out 6-3 (Groundball, 6)
Juan Benítez scores
Pitching: LHP Cody Brown
Batting: LHB Chris Rice 0-0: Ball
1-0: Called Strike
1-1: Ground out 6-3 (Groundball, 6)
Top of the 9th over - 3 run(s), 3 hit(s), 0 error(s), 1 left on base; Athletic Club KC 6 - Las Vegas 1
BOTTOM OF THE 9TH
Las Vegas Flamingos batting - Pitching for Athletic Club KC Athletics : RHP Byron Rogers
Pitching: RHP Manuel Núñez
Batting: RHB Steven Talley 0-0: Ball
1-0: Called Strike
1-1: Ball
2-1: Foul Ball, location: 2F
2-2: Strikes out swinging
Batting: RHB Matt Sheppard 0-0: Called Strike
0-1: Foul Ball, location: 2F
0-2: Strikes out swinging
Batting: RHB Carlos Rodríguez 0-0: Ball
1-0: Fly out, F9 (Flyball, 9D)
Bottom of the 9th over - 0 run(s), 0 hit(s), 0 error(s), 0 left on base; Athletic Club KC 6 - Las Vegas 1
This league is powered by Out of the Park Baseball, the baseball management simulation game for PC, Mac and Linux
Saturday, July 25th, 2015 - OOTP Baseball 15.6 Build 34